 Dungeon Crawl Stone Soup version 0.31-a0-232-gb1c03b2570 (webtiles) character file.

Game seed: 16264851835842618668

651 qw the Shooter (level 7, 0/59 HPs)
             Began as a Minotaur Hexslinger on July 7, 2023.
             Slain by an orc
             ... wielding a +0 hand axe
              (3 damage)
             ... on level 5 of the Dungeon.
             The game lasted 00:01:42 (4659 turns).

qw the Shooter (Minotaur Hexslinger)                Turns: 4659, Time: 00:01:42

Health: 0/59       AC:  7    Str: 13    XL:     7   Next: 28%
Magic:  7/7        EV: 11    Int: 10    God:
Gold:   202        SH:  5    Dex: 14    Spells: 7/8 levels left

rFire   . . .        Y - +1 sling
rCold   . . .        (no shield)
rNeg    . . .        e - +0 ring mail
rPois   +            (helmet restricted)
rElec   .            (no cloak)
rCorr   .            k - +0 pair of gloves
SInv    .            o - +0 pair of boots
Will    .....        c - amulet of reflection
Stlth   +            d - ring of poison resistance
HPRegen 0.29/turn    (no ring)
MPRegen 0.10/turn

%: reflection
@: about to teleport
A: horns 2, retaliatory headbutt
a: no special abilities


You were on level 5 of the Dungeon.
You visited 1 branch of the dungeon, and saw 5 of its levels.

You collected 202 gold pieces.


Innate Abilities, Weirdness & Mutations

You have a pair of horns on your head.
You reflexively headbutt those who attack you in melee.


   Skills:
 - Level 4.0 Fighting
 + Level 7.9 Ranged Weapons
 - Level 2.0 Armour
 - Level 2.1 Dodging
 - Level 1.0 Spellcasting
 - Level 2.0 Hexes


You had 7 spell levels left.
You knew the following spells:

 Your Spells              Type           Power      Damage    Failure   Level
a - Slow                  Hex            16%        N/A       32%         1

Your spell library contained the following spells:

 Spells                   Type           Power      Damage    Failure   Level
 Inner Flame              Hex/Fire       2%         N/A       82%         3
 Portal Projectile        Hex/Tloc       4%         N/A       82%         3
 Cause Fear               Hex            2%         N/A       97%         4

Inventory:

Hand Weapons
 Y - a +1 sling (weapon)
Armour
 e - a +0 ring mail (worn)
 j - a +0 cloak
 k - a +0 pair of gloves (worn)
 o - a +0 pair of boots (worn)
Jewellery
 c - an amulet of reflection (around neck)
 d - a ring of poison resistance (left hand)
 f - a ring of fire
Scrolls
 h - a scroll of identify
 n - a scroll of enchant armour {unknown}
 p - a scroll of immolation {unknown}
Potions
 b - a potion of ambrosia {unknown}
 g - a potion of curing
 i - a potion of attraction {unknown}
 l - a potion of cancellation {unknown}
 m - a potion of might {unknown}

Dungeon Overview and Level Annotations

Branches:
Dungeon (5/15)
 Temple: D:4-7

Altars:
Hepliaklqana
Kikubaaqudgha
Nemelex Xobeh
Uskayaw
Xom
Zin


Message History

The orc warrior is moderately wounded.
The orc misses you. The orc hits you but does no damage.
An orc comes into view. It is wielding a +0 hand axe.
You block the orc warrior's attack.
You shoot a sling bullet.
The sling bullet barely misses the orc warrior.
The orc shouts!
You block the orc's attack. The orc warrior closely misses you.
You shoot a sling bullet.
The sling bullet barely misses the orc warrior.
The orc hits you but does no damage.
An orc comes into view. It is wielding a +0 club.
You block the orc's attack. The orc warrior barely misses you.
You shoot a sling bullet.
The sling bullet barely misses the orc warrior.
The orc shouts!
You hear a shout!
You block the orc's attack. The orc barely misses you.
An orc wizard comes into view. It is wielding a +0 dagger.
The orc warrior hits you but does no damage.
You shoot a sling bullet.
The sling bullet hits the orc warrior but does no damage.
The orc warrior is lightly wounded.
You block the orc's attack. x2
The orc warrior hits you with a +0 mace.
You shoot a sling bullet.
The sling bullet hits the orc warrior but does no damage.
The orc warrior is lightly wounded.
The orc hits you with a +0 club. The orc closely misses you.
The orc hits you but does no damage.
The orc warrior hits you with a +0 mace.
An orc comes into view. It is wielding a +0 short sword.
The orc closely misses you. The orc hits you but does no damage.
The orc warrior hits you with a +0 mace!
The orc hits you from afar with a +0 trident.
4659 ||| READING scroll of teleportation.
As you read the scroll of teleportation, it crumbles to dust.
You feel strangely unstable.
You block the orc's attack. x2; The orc hits you with a +0 hand axe.
You die...

#.#####....#.....#..........'..
#. #.##'#.....#####.##..##.. #
#.#............#.##..#...
#.#............#.....#.<.
#.#............#.....#...
#.#............#.....#...
#####..........#.....#...
.8.##.oo......#.....#...
.o)o'oo@......#.....#...
.8.##oo.......#.....#... #
#..........#######...
#######....... ....... .......
....... .......


You could see an orc warrior, an orc wizard and 6 orcs.

Vanquished Creatures
  Grinder (D:3)
  A scorpion (D:4)
  An orc priest (D:3)
  3 hounds
  2 sleepcaps
  Ijyb (D:4)
  Terence (D:3)
  2 orc wizards
  Robin (D:3)
  3 adders
  A worm (D:3)
  2 dart slugs (D:3)
  5 orcs
  4 ball pythons
  6 endoplasms
  7 giant cockroaches
  16 hobgoblins
  14 kobolds
  3 quokkas
  4 bats
  2 frilled lizards
  15 goblins
  A rat (D:3)
96 creatures vanquished.

Notes
Turn   | Place    | Note
-------+----------+-------------------------------------------
     0 | D:1      | qw the Minotaur Hexslinger began the quest for the Orb.
     0 | D:1      | Reached XP level 1. HP: 16/16 MP: 1/1
     0 | D:1      | 0 ||| qw: Version: 0.3-a-46-gb1f654a
     0 | D:1      | 0 ||| qw: Game counter: 2169
     0 | D:1      | 0 ||| qw: Melee chars always use a shield: true
     0 | D:1      | 0 ||| qw: God list: Okawaru
     0 | D:1      | 0 ||| qw: Allow faded altars: false
     0 | D:1      | 0 ||| qw: Do Orc after clearing Dungeon:15 true
     0 | D:1      | 0 ||| qw: Do second Lair branch before Depths: true
     0 | D:1      | 0 ||| qw: Lair rune preference: random
     0 | D:1      | 0 ||| qw: Goals: Normal
     0 | D:1      | 0 ||| PLANNING D:1-11
   118 | D:1      | HP: 3/16 [quokka (3)]
   121 | D:1      | Reached skill level 3 in Ranged Weapons
   188 | D:1      | Reached XP level 2. HP: 23/23 MP: 2/2
   570 | D:1      | 570 ||| UPGRADING to +0 leather armour.
   580 | D:1      | 580 ||| DROPPING +0 robe.
   581 | D:1      | 581 ||| UPGRADING to +0 pair of gloves.
   586 | D:1      | 586 ||| DROPPING amulet of magic regeneration.
   587 | D:1      | 587 ||| UPGRADING to ring of poison resistance.
   588 | D:1      | 588 ||| DROPPING scroll of poison.
   634 | D:2      | Found a faded altar of an unknown god.
   737 | D:2      | Reached XP level 3. HP: 29/29 MP: 3/3
   947 | D:2      | Reached skill level 4 in Ranged Weapons
  1444 | D:2      | 1444 ||| UPGRADING to amulet of reflection.
  1449 | D:2      | 1449 ||| READING scroll labelled SOOGYSCH FOABBA.
  1450 | D:2      | 1450 ||| READING scroll labelled DEIPRI SATIR.
  1451 | D:2      | 1451 ||| DRINKING 3 inky potions.
  1452 | D:2      | 1452 ||| DROPPING 2 potions of brilliance.
  1469 | D:3      | 1469 ||| STAIRDANCE
  1472 | D:2      | HP: 7/29 [hound (5)]
  1475 | D:2      | Reached XP level 4. HP: 10/36 MP: 4/4
  1724 | D:3      | Noticed Grinder
  1729 | D:3      | Noticed Terence
  1730 | D:3      | Reached skill level 5 in Ranged Weapons
  1747 | D:3      | Killed Terence
  1866 | D:3      | Reached skill level 3 in Fighting
  1885 | D:3      | Reached XP level 5. HP: 18/45 MP: 5/5
  2104 | D:3      | Paralysed by Grinder for 2 turns
  2109 | D:3      | Killed Grinder
  2110 | D:3      | Reached skill level 7 in Ranged Weapons
  2110 | D:3      | Reached XP level 6. HP: 25/51 MP: 6/6
  2269 | D:3      | Noticed Robin
  2298 | D:3      | HP: 11/51 [Robin/+0 trident (6)]
  2299 | D:3      | HP: 5/51 [Robin/+0 trident (3)]
  2307 | D:3      | Killed Robin
  2308 | D:3      | Reached skill level 1 in Armour
  2510 | D:3      | Found a shimmering altar of Xom.
  2874 | D:3      | 2874 ||| READING scroll labelled ULIRYB EFOGORU.
  2879 | D:3      | 2879 ||| READING scroll labelled IFIEPN ZIMAJO.
  2880 | D:3      | 2880 ||| READING scroll labelled MUFEATWOUHU.
  2951 | D:4      | 2951 ||| DRINKING 2 glowing inky potions.
  2955 | D:4      | 2955 ||| FLEEEEING.
  2956 | D:4      | 2956 ||| FLEEEEING.
  2957 | D:4      | 2957 ||| FLEEEEING.
  2958 | D:4      | 2958 ||| FLEEEEING.
  2959 | D:4      | 2959 ||| STAIRDANCE
  2975 | D:4      | 2975 ||| STAIRDANCE
  2978 | D:3      | HP: 11/52 [sleepcap (6)]
  2984 | D:3      | HP: 9/52 [goblin/+0 dagger of electrocution (1)]
  2986 | D:3      | Reached XP level 7. HP: 10/59 MP: 7/7
  3497 | D:4      | Noticed Ijyb
  3500 | D:4      | 3500 ||| Stepping ~*~*~tactically~*~*~ (outnumbered).
  3502 | D:4      | 3502 ||| FLEEEEING.
  3515 | D:4      | 3515 ||| FLEEEEING.
  3516 | D:4      | 3516 ||| FLEEEEING.
  3517 | D:4      | 3517 ||| FLEEEEING.
  3518 | D:4      | 3518 ||| FLEEEEING.
  3519 | D:4      | 3519 ||| FLEEEEING.
  3520 | D:4      | 3520 ||| FLEEEEING.
  3521 | D:4      | 3521 ||| FLEEEEING.
  3522 | D:4      | 3522 ||| FLEEEEING.
  3523 | D:4      | 3523 ||| FLEEEEING.
  3524 | D:4      | 3524 ||| FLEEEEING.
  3525 | D:4      | 3525 ||| FLEEEEING.
  3526 | D:4      | 3526 ||| FLEEEEING.
  3531 | D:4      | 3531 ||| STAIRDANCE
  3633 | D:3      | 3633 ||| UPGRADING to +0 ring mail.
  3643 | D:3      | 3643 ||| DROPPING +0 leather armour.
  3644 | D:3      | 3644 ||| READING scroll labelled UMIABR YGISSAT.
  3645 | D:3      | 3645 ||| READING scroll labelled LIMPAU SUICEE.
  3750 | D:4      | 3750 ||| STAIRDANCE
  3869 | D:4      | Killed Ijyb
  4458 | D:4      | 4458 ||| UPGRADING to +0 pair of boots.
  4463 | D:4      | 4463 ||| DROPPING ring of flight.
  4464 | D:4      | 4464 ||| READING scroll labelled LOUNWEV CITTU.
  4511 | D:5      | Entered Level 5 of the Dungeon
  4575 | D:5      | Found a hide-covered altar of Uskayaw.
  4575 | D:5      | Found a sparkling altar of Nemelex Xobeh.
  4577 | D:5      | Found a glowing silver altar of Zin.
  4587 | D:5      | Found an ancient bone altar of Kikubaaqudgha.
  4590 | D:5      | Found a hazy altar of Hepliaklqana.
  4658 | D:5      | HP: 5/59 [orc warrior/+0 mace (11)]
  4659 | D:5      | 4659 ||| READING scroll of teleportation.
  4659 | D:5      | Slain by an orc

Levels and vault maps discovered:
D:1:      heliophobic_arrival_battle_scene, layout_rooms
D:2:      layout_basic, shapermc_ecumenical_altar_totnotflames
D:3:      layout_basic, nicolae_overflow_hidden_temple, uniq_terence,
          uniq_grinder, uniq_robin
D:4:      cheibrodos_thug_alley, layout_basic, uniq_ijyb
D:5:      layout_gridville, mainiacjoe_overflow_chevrons,
          mainiacjoe_overflow_tiny_flanked, nicolae_overflow_quartered_altars,
          temple_green, serial_glass, glass_columns_a, glass_columns_a,
          serial_shops, nicolae_shop_pleasant_corner_grove,
          pf_guarded_unrand_delatra

Skill      XL: |  1  2  3  4  5  6  7 |
---------------+----------------------+-----
Ranged Weapons | 3 4 5 7 |  7.9
Fighting       | 2 3 4 |  4.0
Armour         | 1 2 |  2.0
Dodging        | |  2.1
Spellcasting   | |  1.0
Hexes          | |  2.0

Action                     |  1- 3 |  4- 6 |  7- 9 || total
---------------------------+-------+-------+-------++-------
   Fire: Sling             |    95 |   178 |   128 ||   401
    Use: Scroll            |     2 |     3 |     4 ||     9
         Potion            |     1 |     1 |       ||     2
 Armour: Robe              |     1 |       |       ||     1
         Leather armour    |     5 |    32 |     4 ||    41
         Ring mail         |       |       |    14 ||    14
         Skin              |       |       |     8 ||     8
  Dodge: Dodged            |    26 |    84 |    35 ||   145
  Block: Other             |     5 |    27 |    24 ||    56
         Reflection        |       |     1 |       ||     1

Table legend:
 A = Non-vault XP
 B = Vault XP
 C = Vault XP percentage of total XP
 D = Non-vault monster count
 E = Vault monster count
 F = Vault count percentage of total count
                 A         B        C        D         E       F
            +---------+---------+-------+---------+---------+-------
      Total |     514 |     416 |  44.7 |      69 |      27 |  28.1
            +---------+---------+-------+---------+---------+-------
        D:1 |      30 |       0 |   0.0 |      16 |       0 |   0.0
        D:2 |      91 |       0 |   0.0 |      18 |       0 |   0.0
        D:3 |     171 |     330 |  65.9 |      20 |      14 |  41.2
        D:4 |     182 |      48 |  20.9 |      14 |      10 |  41.7
        D:5 |      40 |      38 |  48.7 |       1 |       3 |  75.0
            +---------+---------+-------+---------+---------+-------
